TOP OF THE 1ST |
Kelowna Heat batting - Pitching for Amarillo ThunderHeads : RHP Antonio Ayala
|
Pitching: RHP Antonio Ayala
|
|
Batting: RHB Ryan Roberts
|
0-0: Ball 1-0: Foul Ball, location: 2F 1-1: Ball 2-1: Ground out 6-3 (Groundball, 6, EV 97.5 MPH)
|
Batting: RHB Tony Harper
|
0-0: Ball 1-0: Called Strike 1-1: Called Strike 1-2: Ground out 4-3 (Groundball, 4, EV 101.2 MPH)
|
Batting: LHB Chris West
|
0-0: Swinging Strike 0-1: Foul Ball, location: 2F 0-2: Ball 1-2: Foul Ball, location: 2F 1-2: Foul Ball, location: 2F 1-2: Ball 2-2: Strikes out looking
|
Top of the 1st over - 0 runs, 0 hits, 0 errors, 0 left on base; Kelowna 0 - Amarillo 0 |
BOTTOM OF THE 1ST |
Amarillo ThunderHeads batting - Pitching for Kelowna Heat : RHP Jonathan Fritzinger
|
Pitching: RHP Jonathan Fritzinger
|
|
Batting: SHB Zack Barton
|
0-0: Foul Ball, location: 2F 0-1: Fly out, F8 (Line Drive, 8RD, EV 90.0 MPH)
|
Batting: RHB Ron Squires
|
0-0: Called Strike 0-1: Ball 1-1: Swinging Strike 1-2: Ball 2-2: Ball 3-2: Base on Balls
|
Batting: RHB Jerry Foster
|
0-0: Ball 1-0: Ball Ron Squires is caught stealing 2nd base 2-4 2-0: Ball 3-0: Called Strike 3-1: Foul Ball, location: 2F 3-2: SINGLE (Flyball, 9LS, EV 100.6 MPH)
|
Batting: RHB Elias Sagrero
|
0-0: Called Strike Jerry Foster steals 2nd base 0-1: Ball 1-1: Ball 2-1: Ball 3-1: Base on Balls
|
Batting: LHB Santino Pisanello
|
0-0: Fielders Choice at 2nd, 6-4 (Groundball, 6, EV 85.0 MPH)
|
Bottom of the 1st over - 0 runs, 1 hit, 0 errors, 2 left on base; Kelowna 0 - Amarillo 0 |
TOP OF THE 2ND |
Kelowna Heat batting - Pitching for Amarillo ThunderHeads : RHP Antonio Ayala
|
Batting: LHB Mike Roberts
|
0-0: Swinging Strike 0-1: Ground out 6-3 (Groundball, 6, EV 103.1 MPH)
|
Batting: LHB Alex Larangho
|
0-0: Swinging Strike 0-1: Called Strike 0-2: Ball 1-2: Ball 2-2: Strikes out swinging
|
Batting: RHB Malik Sharpless
|
0-0: Fly out, F8 (Flyball, 8LD, EV 103.8 MPH)
|
Top of the 2nd over - 0 runs, 0 hits, 0 errors, 0 left on base; Kelowna 0 - Amarillo 0 |
BOTTOM OF THE 2ND |
Amarillo ThunderHeads batting - Pitching for Kelowna Heat : RHP Jonathan Fritzinger
|
Batting: RHB Bill Flannery
|
0-0: Swinging Strike 0-1: Ground out 4-3 (Groundball, 4, EV 91.2 MPH)
|
Batting: RHB Eric Juarez
|
0-0: Ball 1-0: Ball 2-0: SINGLE (Groundball, 34D, EV 98.8 MPH)
|
Batting: RHB Josh Shoemaker
|
0-0: Swinging Strike Passed Ball! Eric Juarez to second 0-1: Swinging Strike 0-2: SINGLE (Groundball, 34D, EV 94.4 MPH) Eric Juarez to third Runner from 3rd tries for Home, SAFE, throw by RF to home
|
Batting: LHB Tony Gutierrez
|
0-0: Ball 1-0: Foul Ball, location: 2F 1-1: Ball 2-1: Called Strike 2-2: Foul Ball, location: 2F 2-2: Strikes out swinging
|
Batting: SHB Zack Barton
|
0-0: SINGLE (Groundball, P, EV 92.5 MPH) (infield hit) Josh Shoemaker to second
|
Batting: RHB Ron Squires
|
0-0: Ball 1-0: Ball 2-0: Ground out 4-3 (Groundball, 4, EV 92.5 MPH)
|
Bottom of the 2nd over - 1 run, 3 hits, 0 errors, 2 left on base; Kelowna 0 - Amarillo 1 |
TOP OF THE 3RD |
Kelowna Heat batting - Pitching for Amarillo ThunderHeads : RHP Antonio Ayala
|
Batting: RHB Zach Maguire
|
0-0: SINGLE (Groundball, 6MD, EV 104.4 MPH)
|
Batting: RHB Vinny Torres
|
0-0: Called Strike 0-1: Ball 1-1: Called Strike 1-2: Strikes out swinging
|
Batting: RHB Alexis Andrade
|
0-0: Grounds into double play, 5-4-3 (Groundball, 56S, EV 88.8 MPH)
|
Top of the 3rd over - 0 runs, 1 hit, 0 errors, 0 left on base; Kelowna 0 - Amarillo 1 |
BOTTOM OF THE 3RD |
Amarillo ThunderHeads batting - Pitching for Kelowna Heat : RHP Jonathan Fritzinger
|
Batting: RHB Jerry Foster
|
0-0: Ball 1-0: Foul Ball, location: 2F 1-1: Ball 2-1: Ball 3-1: Base on Balls
|
Batting: RHB Elias Sagrero
|
0-0: Foul Ball, location: 2F 0-1: Ball 1-1: Called Strike 1-2: Foul Ball, location: 2F 1-2: Foul Ball, location: 2F 1-2: Ball 2-2: Fly out, F9 (Flyball, 9S, EV 87.5 MPH)
|
Batting: LHB Santino Pisanello
|
0-0: Ball 1-0: Called Strike 1-1: Ball Passed Ball! Jerry Foster to second 2-1: Ground out 4-3 (Groundball, 4, EV 80.6 MPH) Jerry Foster to third
|
Batting: RHB Bill Flannery
|
0-0: Swinging Strike 0-1: Fly out, F9 (Line Drive, 89D, EV 91.9 MPH)
|
Bottom of the 3rd over - 0 runs, 0 hits, 0 errors, 1 left on base; Kelowna 0 - Amarillo 1 |
TOP OF THE 4TH |
Kelowna Heat batting - Pitching for Amarillo ThunderHeads : RHP Antonio Ayala
|
Batting: RHB Ryan Roberts
|
0-0: Foul Ball, location: 2F 0-1: Called Strike 0-2: SINGLE (Groundball, 6MS, EV 64.4 MPH) (infield hit)
|
Batting: RHB Tony Harper
|
0-0: Called Strike 0-1: Ball 1-1: Foul Ball, location: 2F 1-2: Grounds into double play, 5-4-3 (Groundball, 56, EV 87.5 MPH)
|
Batting: LHB Chris West
|
0-0: Ball 1-0: Ground out 5-3 (Groundball, 6, EV 82.5 MPH)
|
Top of the 4th over - 0 runs, 1 hit, 0 errors, 0 left on base; Kelowna 0 - Amarillo 1 |
BOTTOM OF THE 4TH |
Amarillo ThunderHeads batting - Pitching for Kelowna Heat : RHP Jonathan Fritzinger
|
Batting: RHB Eric Juarez
|
0-0: Ball 1-0: Ball 2-0: Ball 3-0: Called Strike 3-1: SOLO HOME RUN (Flyball, 78XD, EV 99.4 MPH), Distance : 386 ft
|
Batting: RHB Josh Shoemaker
|
0-0: Foul Ball, location: 2F 0-1: Swinging Strike 0-2: Ball 1-2: Ball 2-2: Fly out, F6 (Line Drive, 6M, EV 71.2 MPH)
|
Batting: LHB Tony Gutierrez
|
0-0: Ground out 4-3 (Groundball, 4MD, EV 81.2 MPH)
|
Batting: SHB Zack Barton
|
0-0: Ground out U3 (Groundball, 3, EV 107.5 MPH)
|
Bottom of the 4th over - 1 run, 1 hit, 0 errors, 0 left on base; Kelowna 0 - Amarillo 2 |
TOP OF THE 5TH |
Kelowna Heat batting - Pitching for Amarillo ThunderHeads : RHP Antonio Ayala
|
Batting: LHB Mike Roberts
|
0-0: Foul Ball, location: 2F 0-1: Ball 1-1: Ball 2-1: Swinging Strike 2-2: Foul Ball, location: 2F 2-2: Strikes out swinging
|
Batting: LHB Alex Larangho
|
0-0: Ball 1-0: Ball 2-0: Ball 3-0: Called Strike 3-1: Base on Balls
|
Batting: RHB Malik Sharpless
|
0-0: Ball 1-0: Ball 2-0: Foul Ball, location: 2F 2-1: Ball 3-1: Fly out, F8 (Flyball, 8LD, EV 103.8 MPH)
|
Batting: RHB Zach Maguire
|
0-0: Ball 1-0: Foul Ball, location: 2F 1-1: Foul Ball, location: 2F 1-2: Ball 2-2: Ball 3-2: Ground out 5-3 (Groundball, 5, EV 80.6 MPH)
|
Top of the 5th over - 0 runs, 0 hits, 0 errors, 1 left on base; Kelowna 0 - Amarillo 2 |
BOTTOM OF THE 5TH |
Amarillo ThunderHeads batting - Pitching for Kelowna Heat : RHP Jonathan Fritzinger
|
Batting: RHB Ron Squires
|
0-0: SOLO HOME RUN (Flyball, 7LD, EV 95.0 MPH), Distance : 327 ft
|
Batting: RHB Jerry Foster
|
0-0: Swinging Strike 0-1: Ball 1-1: Foul Ball, location: 2F 1-2: SOLO HOME RUN (Flyball, 89XD, EV 106.9 MPH), Distance : 414 ft
|
Batting: RHB Elias Sagrero
|
0-0: Foul Ball, location: 2F 0-1: Foul Ball, location: 2F 0-2: Strikes out looking
|
Batting: LHB Santino Pisanello
|
0-0: Ball 1-0: Ball 2-0: Ground out 1-3 (Groundball, 13S, EV 69.4 MPH)
|
Batting: RHB Bill Flannery
|
0-0: Called Strike 0-1: Ground out 5-3 (Groundball, 5L, EV 91.2 MPH)
|
Bottom of the 5th over - 2 runs, 2 hits, 0 errors, 0 left on base; Kelowna 0 - Amarillo 4 |
TOP OF THE 6TH |
Kelowna Heat batting - Pitching for Amarillo ThunderHeads : RHP Antonio Ayala
|
Batting: RHB Vinny Torres
|
0-0: Ball 1-0: Foul Ball, location: 2F 1-1: Foul Ball, location: 2F 1-2: SOLO HOME RUN (Flyball, 7D, EV 100.0 MPH), Distance : 379 ft
|
Batting: RHB Alexis Andrade
|
0-0: Called Strike 0-1: Foul Ball, location: 2F 0-2: Foul Ball, location: 2F 0-2: Ball 1-2: Ground out 6-3 (Groundball, 56, EV 81.2 MPH)
|
Batting: RHB Ryan Roberts
|
0-0: Ball 1-0: Ball 2-0: Called Strike 2-1: Swinging Strike 2-2: Foul Ball, location: 2F 2-2: Ball 3-2: Strikes out swinging
|
Batting: RHB Tony Harper
|
0-0: SOLO HOME RUN (Flyball, 78XD, EV 105.6 MPH), Distance : 389 ft
|
Batting: LHB Chris West
|
0-0: Called Strike 0-1: Swinging Strike 0-2: Ball 1-2: SINGLE (Groundball, 25, EV 72.5 MPH) (infield hit)
|
Batting: LHB Mike Roberts
|
0-0: Ball 1-0: Called Strike 1-1: Foul Ball, location: 2F 1-2: Ball 2-2: Foul Ball, location: 2F 2-2: Strikes out looking
|
Top of the 6th over - 2 runs, 3 hits, 0 errors, 1 left on base; Kelowna 2 - Amarillo 4 |
BOTTOM OF THE 6TH |
Amarillo ThunderHeads batting - Pitching for Kelowna Heat : RHP Jonathan Fritzinger
|
Batting: RHB Eric Juarez
|
0-0: Fly out, F8 (Flyball, 8LM, EV 90.6 MPH)
|
Batting: RHB Josh Shoemaker
|
0-0: Called Strike 0-1: Ground out 4-3 (Groundball, 4, EV 108.8 MPH)
|
Batting: LHB Tony Gutierrez
|
0-0: Called Strike 0-1: Ball 1-1: Fly out, F7 (Flyball, 7, EV 78.8 MPH)
|
Bottom of the 6th over - 0 runs, 0 hits, 0 errors, 0 left on base; Kelowna 2 - Amarillo 4 |
TOP OF THE 7TH |
Kelowna Heat batting - Pitching for Amarillo ThunderHeads : RHP Antonio Ayala
|
Batting: LHB Alex Larangho
|
0-0: Called Strike 0-1: Called Strike 0-2: Foul Ball, location: 2F 0-2: Ball 1-2: Foul Ball, location: 2F 1-2: Ball 2-2: Ground out U3 (Groundball, 3L, EV 86.2 MPH)
|
Batting: RHB Malik Sharpless
|
0-0: Called Strike 0-1: Ground out 6-3 (Groundball, 6, EV 85.0 MPH)
|
Batting: RHB Zach Maguire
|
0-0: Ball 1-0: Ball 2-0: SINGLE (Line Drive, 89M, EV 107.5 MPH)
|
Batting: RHB Vinny Torres
|
0-0: Called Strike 0-1: Ball 1-1: Fly out, F9 (Flyball, 9S, EV 86.9 MPH)
|
Top of the 7th over - 0 runs, 1 hit, 0 errors, 1 left on base; Kelowna 2 - Amarillo 4 |
BOTTOM OF THE 7TH |
Amarillo ThunderHeads batting - Pitching for Kelowna Heat : RHP Jonathan Fritzinger
|
Batting: SHB Zack Barton
|
0-0: Ball 1-0: Ball 2-0: Ball 3-0: Base on Balls
|
Batting: RHB Ron Squires
|
0-0: Ball 1-0: Ball Passed Ball! Zack Barton to second 2-0: Ball 3-0: Base on Balls
|
Batting: RHB Jerry Foster
|
0-0: Ball 1-0: Ball 2-0: Called Strike 2-1: Ball 3-1: Base on Balls Zack Barton to third Ron Squires to second
|
Batting: RHB Elias Sagrero
|
0-0: Ball Passed Ball! Zack Barton scores Ron Squires to third Jerry Foster to second 1-0: Foul Ball, location: 2F 1-1: Swinging Strike 1-2: Foul Ball, location: 2F 1-2: Strikes out swinging
|
Batting: LHB Santino Pisanello
|
0-0: Intentional Walk
|
Batting: RHB Bill Flannery
|
0-0: Called Strike 0-1: Ball Passed Ball! Ron Squires scores Jerry Foster to third Santino Pisanello to second 1-1: Foul Ball, location: 2F 1-2: Foul Ball, location: 2F 1-2: Foul Ball, location: 2F 1-2: Fly out, F4 (Line Drive, 4, EV 73.1 MPH)
|
Batting: RHB Eric Juarez
|
0-0: Called Strike 0-1: Ball 1-1: Foul Ball, location: 2F 1-2: Ball Passed Ball! Jerry Foster scores Santino Pisanello to third 2-2: Ball 3-2: Base on Balls
|
Batting: RHB Josh Shoemaker
|
0-0: Ball 1-0: Ball 2-0: Ball 3-0: Called Strike 3-1: Called Strike 3-2: Base on Balls Eric Juarez to second
|
Batting: LHB Tony Gutierrez
|
0-0: Ball 1-0: Ball 2-0: Called Strike 2-1: Ball 3-1: Base on Balls Santino Pisanello scores Eric Juarez to third Josh Shoemaker to second
|
Pitching: RHP Danny Estrada
|
|
Batting: SHB Zack Barton
|
0-0: Ball 1-0: Ball 2-0: Called Strike 2-1: Ball 3-1: Foul Ball, location: 2F 3-2: DOUBLE (Line Drive, 78D, EV 113.8 MPH) Eric Juarez scores Josh Shoemaker scores Tony Gutierrez to third Tony Gutierrez scores
|
Batting: RHB Ron Squires
|
0-0: Called Strike 0-1: Swinging Strike 0-2: Strikes out swinging
|
Bottom of the 7th over - 7 runs, 1 hit, 0 errors, 1 left on base; Kelowna 2 - Amarillo 11 |
TOP OF THE 8TH |
Kelowna Heat batting - Pitching for Amarillo ThunderHeads : RHP Antonio Ayala
|
Pinch Hitting: RHB Dave Putnam
|
0-0: Ball 1-0: Ball 2-0: Ball 3-0: Base on Balls
|
Pitching: RHP Tyler Romo
|
|
Batting: RHB Ryan Roberts
|
0-0: Called Strike 0-1: Fielders Choice at 2nd, 6-4 (Groundball, 56, EV 82.5 MPH)
|
Pinch Hitting: RHB Pedro Quezada
|
0-0: Called Strike 0-1: Swinging Strike 0-2: Ball 1-2: Ball 2-2: Foul Ball, location: 2F 2-2: Ball 3-2: Base on Balls Ryan Roberts to second
|
Batting: LHB Chris West
|
0-0: Ball 1-0: Called Strike 1-1: Called Strike 1-2: Fly out, F7 (Flyball, 78D, EV 80.6 MPH)
|
Pitching: LHP Matt Hawk
|
|
Pinch Hitting: RHB Jaime Rios
|
0-0: Called Strike 0-1: Called Strike 0-2: Ball 1-2: Foul Ball, location: 2F 1-2: Ball 2-2: Ball 3-2: Foul Ball, location: 2F 3-2: Ground out 4-3 (Groundball, 34, EV 86.2 MPH)
|
Top of the 8th over - 0 runs, 0 hits, 0 errors, 2 left on base; Kelowna 2 - Amarillo 11 |
BOTTOM OF THE 8TH |
Amarillo ThunderHeads batting - Pitching for Kelowna Heat : RHP Danny Estrada
|
Now at 2B: Jaime Rios
|
|
Now at 3B: Pedro Quezada
|
|
Now at SS: Zach Maguire
|
|
Now in LF: Ricky Aguilar
|
|
Batting: RHB Jerry Foster
|
0-0: Called Strike 0-1: Fly out, F4 (Popup, 4M, EV 66.2 MPH)
|
Batting: RHB Elias Sagrero
|
0-0: Called Strike 0-1: Ball 1-1: Foul Ball, location: 2F 1-2: Foul Ball, location: 2F 1-2: SINGLE (Groundball, 15S, EV 70.6 MPH) (infield hit)
|
Batting: LHB Santino Pisanello
|
0-0: Ball 1-0: Ball 2-0: Ball Passed Ball! Elias Sagrero to second 3-0: Called Strike 3-1: Base on Balls
|
Pinch Hitting: RHB Trent Murdock
|
0-0: Ball 1-0: Ball 2-0: Called Strike 2-1: Foul Ball, location: 2F 2-2: Ball 3-2: Base on Balls Elias Sagrero to third Santino Pisanello to second
|
Batting: RHB Eric Juarez
|
0-0: Ball 1-0: Foul Ball, location: 2F 1-1: Ball 2-1: Foul Ball, location: 2F 2-2: Foul Ball, location: 2F 2-2: Foul Ball, location: 2F 2-2: SINGLE (Groundball, 34D, EV 101.2 MPH) Elias Sagrero scores Santino Pisanello to third Trent Murdock to second Runner from 3rd tries for Home, SAFE, throw by RF to home
|
Pitching: LHP Kuan Hsia
|
|
Batting: RHB Josh Shoemaker
|
0-0: Ball 1-0: Called Strike 1-1: Foul Ball, location: 2F 1-2: Ground out 5-3 (Groundball, 56S, EV 63.1 MPH) Trent Murdock to third Eric Juarez to second
|
Batting: LHB Tony Gutierrez
|
0-0: Ball 1-0: Reached on error, E3 (Groundball, 34, EV 95.6 MPH) Trent Murdock scores Eric Juarez to third
|
Batting: SHB Zack Barton
|
0-0: Foul Ball, location: 2F 0-1: Ball 1-1: Ball 2-1: Ball 3-1: Foul Ball, location: 2F 3-2: Foul Ball, location: 2F 3-2: Base on Balls Tony Gutierrez to second
|
Batting: RHB Ron Squires
|
0-0: Foul Ball, location: 2F 0-1: Foul Ball, location: 2F 0-2: Foul Ball, location: 2F 0-2: Strikes out swinging
|
Bottom of the 8th over - 3 runs, 2 hits, 1 error, 3 left on base; Kelowna 2 - Amarillo 14 |
TOP OF THE 9TH |
Kelowna Heat batting - Pitching for Amarillo ThunderHeads : LHP Matt Hawk
|
Now at 1B: Sam Voss
|
|
Batting: LHB Alex Larangho
|
0-0: Ball 1-0: Called Strike 1-1: Foul Ball, location: 2F 1-2: Fly out, F7 (Flyball, 78M, EV 90.6 MPH)
|
Batting: RHB Malik Sharpless
|
0-0: Ball 1-0: Ball 2-0: Called Strike 2-1: Swinging Strike 2-2: Strikes out swinging, 2-3 out at first.
|
Batting: RHB Zach Maguire
|
0-0: Ball 1-0: Called Strike 1-1: Ground out 5-3 (Groundball, 56, EV 85.6 MPH)
|
Top of the 9th over - 0 runs, 0 hits, 0 errors, 0 left on base; Kelowna 2 - Amarillo 14 |
|